Cogmind - Beta 15 @@@ ROGUE MODE // 2025.05.19 @ 14:30:08 Player: YA-B01 Result: Destroyed by D-53 Grenadier with Mini Grenade Launcher Performance ------------- Evolutions (0) 0 Regions Visited (2) 400 Robots Destroyed (33) 165 Value Destroyed (773) 773 Prototype IDs (0) 0 Alien Tech Used (0) 0 Bonus (0) 0 TOTAL SCORE: 1338 Bonus ------- None Cogmind --------- Core Integrity 0/250 Matter 265/300 Energy 75/100 System Corruption 0% Temperature Cool (0) Movement Walking (190) Ox1 Location -10/Mines Parts ------- > --- POWER (1) -------- (None) > --- PROPULSION (2) --- Improved Aluminum Leg Improved Aluminum Leg > --- UTILITY (2) ------ Large Storage Unit Core Shielding > --- WEAPON (2) ------- Spread Laser Heavy Hammer > --- INVENTORY (15) --- Improved Aluminum Leg Large Storage Unit Signal Interpreter Improved Terrain Scanner Seismic Detector Spread Laser Spread Laser Autogun Autogun Autogun Autogun Grenade Launcher Grenade Launcher Datajack Peak State ------------ > --- POWER ------------ Ion Engine > --- PROPULSION ------- Improved Aluminum Leg Improved Aluminum Leg > --- UTILITY ---------- Improved Heat Sink Large Storage Unit > --- WEAPON ----------- Spread Laser Spread Laser > --- INVENTORY -------- Improved Aluminum Leg Large Storage Unit Signal Interpreter Improved Terrain Scanner Seismic Detector Spread Laser Spread Laser Autogun Autogun Autogun Autogun Grenade Launcher Grenade Launcher Grenade Launcher Heavy Hammer [Rating: 15] Favorites ----------- Power Ion Engine Engine Ion Engine Propulsion Light Treads Treads Light Treads Leg Improved Aluminum Leg Utility Large Storage Unit Device Improved Heat Sink Storage Large Storage Unit Protection Core Shielding Weapon Spread Laser Energy Gun Spread Laser Ballistic Gun Assault Rifle Launcher Grenade Launcher Impact Weapon Heavy Hammer Build | -11 -10 -10 ------- Run | Yrd Mat Min Slots Evolved . | . . . Power . | . . . Propulsion . | . . . Utility . | . . . Weapon . | . . . Parts Attached 19 | 6 11 2 Power 1 | 1 . . Engine 1 | 1 . . Core . | . . . Reactor . | . . . Propulsion 5 | 2 3 . Treads 2 | 2 . . Leg 3 | . 3 . Wheel . | . . . Hover . | . . . Flight . | . . . Utility 4 | 1 3 . Device 1 | . 1 . Storage 2 | 1 1 . Processor . | . . . Hackware . | . . . Protection 1 | . 1 . Artifact . | . . . Weapon 9 | 2 5 2 Energy Gun 4 | 1 3 . Energy Cannon . | . . . Ballistic Gun 1 | 1 . . Ballistic Cannon . | . . . Launcher 3 | . 2 1 Special Weapon . | . . . Impact Weapon 1 | . . 1 Slashing Weapon . | . . . Piercing Weapon . | . . . Special Melee Weapon . | . . . Unidentified Prototypes . | . . . Parts Lost 3 | . 1 2 Power 1 | . . 1 Propulsion 1 | . 1 . Utility . | . . . Weapon 1 | . . 1 Highest Loss Streak 2 | . 1 2 To Critical Strikes . | . . . Average Backups 10 | 1 11 14 Power . | . . . Propulsion . | . . 1 Utility 3 | . 4 4 Weapon 6 | . 6 8 Tool/Special . | . . . Unused Backups 14 | . 2 12 Power . | . . . Propulsion 1 | . . 1 Utility 5 | . 1 4 Weapon 7 | . 1 6 Tool/Special 1 | . . 1 Average Slot Usage (%) 96 | . 96 100 Engine 13 | . 13 14 Treads 17 | . 18 . Leg 9 | . 9 28 Device 11 | . 11 . Storage 14 | . 14 14 Protection 1 | . . 14 Energy Gun 20 | . 19 26 Ballistic Gun 6 | . 6 . Launcher 1 | . 1 2 Peak Build Rating 15 | 6 15 13 Average Rating 10 | 5 11 12 On Entrance 6 | . 6 13 Naked Turns . | . . . Heaviest Build 32 | 13 32 32 Greatest Support 40 | 40 40 26 Greatest Overweight (x) 2 | 1 2 1 Average Overweight (x) . | . . 1 Largest Inventory Capacity 15 | 8 15 15 Average Capacity 14 | 7 14 15 Most Carried 15 | 4 15 15 Average Carried 10 | 1 11 14 Final Capacity 15 | 8 15 15 Final Carried 15 | 4 15 14 Class Distribution -------------------- 100% | Mutant Dominant Class ---------------- Mutant | -10/Materials Mutant | -10/Mines Resources | -11 -10 -10 ----------- Run | Yrd Mat Min Matter Collected 573 | 293 260 20 Remotely . | . . . Salvage Created 997 | 102 794 101 Parts 60 | 8 44 8 Haulers Intercepted 2 | . 2 . Recyclers Shooed 3 | . 1 2 Parts Field Recycled . | . . . Retrieved Matter . | . . . Parts Self-Destructed . | . . . Prevented . | . . . Kills | -11 -10 -10 ------- Run | Yrd Mat Min Combat Hostiles Destroyed 19 | . 17 2 Guns 15 | . 13 2 AOE 4 | . 4 . Classes Destroyed 8 | 2 6 . Builder 1 | . 1 . Tunneler 2 | 2 . . Hauler 2 | . 2 . Recycler 4 | 1 2 1 Operator 2 | . 2 . Watcher 3 | . 3 . Swarmer 3 | . 3 . Grunt 16 | . 14 2 Best Kill Streak 3 | 3 3 3 Combat Bots Only 3 | . 3 2 Max Kills in Single Turn 3 | 1 3 1 Gunslinging . | . . . Exploded 3 | . 3 . Melee . | . . . Uniques/NPCs Destroyed . | . . . Combat | -11 -10 -10 -------- Run | Yrd Mat Min Hostile Shots Fired 86 | . 69 17 Missed 17 | . 14 3 Hits 69 | . 55 14 Projectile 69 | . 55 14 AOE 7 | . . 7 Damage Taken 1105 | . 749 356 Core 279 | . 204 75 Absorbed by Shields . | . . . Redirected to Shielding 18 | . . 18 Regen/Repaired (Parts) 39 | . 39 . Core Remaining (%) 100 | 100 . . Volleys Fired 95 | 11 74 10 Largest 2 | 2 2 2 Hottest 130 | 60 130 130 Shots Fired 183 | 20 146 17 Gun 178 | 20 143 15 Cannon . | . . . Launcher 5 | . 3 2 Special . | . . . Kinetic 49 | 11 38 . Thermal 129 | 9 105 15 Explosive 5 | . 3 2 Electromagnetic . | . . . Robot Hit Streak 23 | 9 23 5 Robot Miss Streak 7 | 1 7 6 Penetration Max . | . . . Secondary Targets 1 | . . 1 Max Gunslinging Chain 1 | . . 1 Shots Hit Robots 155 | 16 122 17 Core Hits 110 | 4 87 19 Critical Kills . | . . . Critical Parts Destroyed . | . . . Critical Strikes . | . . . Melee Attacks 1 | . . 1 Impact 1 | . . 1 Slashing . | . . . Piercing . | . . . Sneak Attacks . | . . . Combat Hostiles . | . . . Follow-up Attacks . | . . . Damage Inflicted 2078 | 161 1723 194 Guns 1734 | 161 1420 153 Cannons . | . . . Explosions 314 | . 287 27 Melee 14 | . . 14 Ramming 16 | . 16 . Kinetic 459 | 75 384 . Thermal 1314 | 86 1075 153 Explosive 275 | . 248 27 Electromagnetic . | . . . Impact 14 | . . 14 Slashing . | . . . Piercing . | . . . Highest Corruption . | . . . Average Corruption . | . . . Corruption Purged . | . . . Corruption Blocked . | . . . Overload Shots . | . . . Overflow Damage 7 | . 7 . Projectiles . | . . . Explosions 7 | . 7 . Melee . | . . . Knockbacks . | . . . Impact . | . . . Kinetic . | . . . Secondary . | . . . Self-Inflicted Damage 113 | . 113 . Shots 2 | . 2 . Rammed 3 | . 3 . Targets Rammed 3 | . 3 . Kicked . | . . . Crushed . | . . . Highest Temperature 412 | . 267 412 Average Temperature 98 | . 59 216 Received Heat Transfer 414 | . 342 72 Effects 1 | . . 1 Shutdowns 1 | . . 1 Siege Activations . | . . . Martial Activations . | . . . Shielding Activations . | . . . Robots Disrupted . | . . . Combat Hostiles . | . . . Robots Corrupted . | . . . Combat Hostiles . | . . . Parts Fried . | . . . Impact Corruptions . | . . . Robots Melted . | . . . Combat Hostiles . | . . . Parts Melted 2 | . 2 . Heat Transferred 2115 | 200 1725 190 Parts Sabotaged . | . . . Parts Stolen . | . . . Parts Stripped . | . . . Power Chain Reactions . | . . . Alert | -11 -10 -10 ------- Run | Yrd Mat Min Maximum Alert Level 1 | . 1 . Low Security (%) 66 | 100 62 100 Level 1 33 | . 37 . Level 2 . | . . . Level 3 . | . . . Level 4 . | . . . Level 5 . | . . . High Security . | . . . Max Security . | . . . Peak Influence 289 | 10 289 146 Initial 96 | . . 96 Average 121 | . 131 128 Influence Increases 801 | 15 721 65 Destroy 0b10 Robot/C 380 | . 340 40 Destroy 0b10 Robot/NC 70 | 15 50 5 Destroy Leader 100 | . 90 10 Successful Hack 24 | . 24 . Select Force Hacks 60 | . 60 . Disable Machine 30 | . 30 . Destroy Structure 62 | . 52 10 Lose Combat Pursuer 75 | . 75 . Influence Decreases 680 | 15 473 192 Entered New Map 152 | . . 152 Time Decay 498 | 15 463 20 Lost Part 30 | . 10 20 Squads Dispatched 4 | . 4 . Investigation 2 | . 2 . Extermination . | . . . Reinforcement 2 | . 2 . Assault . | . . . Garrison . | . . . Intercept . | . . . Searches Triggered . | . . . Construction Impeded . | . . . Haulers Reinforced . | . . . Active Scanning Responses . | . . . Cargo Convoy Interrupts . | . . . Stealth | -11 -10 -10 --------- Run | Yrd Mat Min Distress Signals 2 | . 2 . Communications Jammed . | . . . Distress Signals . | . . . Times Spotted 32 | . 28 4 Peak Tracking Total 4 | . 4 2 Tactical Retreats 5 | . 5 . Traps | -11 -10 -10 ------- Run | Yrd Mat Min Traps Triggered . | . . . Indirectly . | . . . Trap Hack Attempts . | . . . Triggered . | . . . Disarmed . | . . . Reprogrammed . | . . . Reused . | . . . Traps Extracted . | . . . Installed . | . . . Triggered . | . . . Machines | -11 -10 -10 ---------- Run | Yrd Mat Min Machines Disabled 2 | . 2 . Max in Single Turn 2 | . 2 . Machines Repaired . | . . . Machines Dismantled . | . . . Machines Sabotaged . | . . . Overloaded Fab Kills . | . . . Hacking | -11 -10 -10 --------- Run | Yrd Mat Min Machines Accessed 5 | . 5 . Terminals 2 | . 2 . Fabricators . | . . . Repair Stations 1 | . 1 . Recycling Units 2 | . 2 . Scanalyzers . | . . . Garrison Access . | . . . Total Hacks 15 | . 15 . Successful 7 | . 7 . Failed 8 | . 8 . Catastrophic 2 | . 2 . Database Lockouts . | . . . Manual 8 | . 8 . Terminals 5 | . 5 . Fabricators . | . . . Repair Stations 4 | . 4 . Recycling Units 6 | . 6 . Scanalyzers . | . . . Garrison Access . | . . . Terminal Hacks 1 | . 1 . Locate Traps 1 | . 1 . Fabricator Hacks . | . . . Repair Station Hacks 2 | . 2 . Scan Component 1 | . 1 . Repair 1 | . 1 . Recycling Unit Hacks 2 | . 2 . Retrieve Components 2 | . 2 . Scanalyzer . | . . . Garrison Access Hacks . | . . . Unauthorized Hacks 2 | . 2 . Terminals . | . . . Fabricators . | . . . Repair Stations . | . . . Recycling Units 2 | . 2 . Tunnel 2 | . 2 . Scanalyzers . | . . . Garrison Access . | . . . Data Cores Recovered . | . . . Used . | . . . Hacking Detections 5 | . 5 . Full Trace Events 1 | . 1 . Feedback Events . | . . . Feedback Blocked . | . . . Robot Schematics Acquired . | . . . Robots Built . | . . . Authchips . | . . . Time . | . . . Total Robot Build Rating . | . . . Part Schematics Acquired . | . . . Parts Built . | . . . Authchips . | . . . Time . | . . . Total Part Build Rating . | . . . Parts Repaired 1 | . 1 . Time 13 | . 13 . Parts Recycled . | . . . Recycled Matter . | . . . Retrieved Matter . | . . . Retrieved Components 9 | . 9 . Parts Scanalyzed . | . . . Part Schematics Acquired . | . . . Parts Damaged . | . . . Bothacking | -11 -10 -10 ------------ Run | Yrd Mat Min Used RIF Installer . | . . . Robots Hacked . | . . . Non-combat . | . . . Combat . | . . . Robot Hacks Applied . | . . . Relay Couplers Released . | . . . Fabnet Peak Effective % . | . . . Robots Rewired . | . . . Allies Hacked . | . . . Hacks Repelled . | . . . Allies | -11 -10 -10 -------- Run | Yrd Mat Min Total Allies . | . . . Largest Group . | . . . Highest-Rated Group . | . . . Highest-Rated Ally . | . . . Total Orders . | . . . Ally Attacks . | . . . Total Damage . | . . . Kills . | . . . Allies Corrupted . | . . . Allies Melted . | . . . Intel | -11 -10 -10 ------- Run | Yrd Mat Min Active Infowar (turns) . | . . . Robot Analysis Total . | . . . Derelict Logs Recovered . | . . . Drone Launches . | . . . Drone Recoveries . | . . . Exploration | -11 -10 -10 ------------- Run | Yrd Mat Min Turns Passed 1636 | 123 1454 59 Spaces Moved 557 | 50 501 6 Core 4 | 4 . . Treads 340 | 46 294 . Legs 213 | . 207 6 Wheels . | . . . Hover . | . . . Flight . | . . . Fastest Speed 50 | 50 160 190 Average Speed 173 | 152 175 190 Slowest Speed 260 | 160 260 190 Overloaded Moves . | . . . Propulsion Burnouts . | . . . Robots Hopped . | . . . Potential Cave-ins . | . . . Cave-ins Triggered . | . . . Exploration Rate (%) 30 | 5 77 9 Regions Visited 2 Branch Regions 1 Pre-discovered Areas 2 | . 2 . Known Exits Taken . | . . . Unknown Exits Taken 2 | 1 1 . Scrap Searched . | . . . Spaces Dug . | . . . Terrain Destroyed 75 | . 58 17 Melee . | . . . Projectile . | . . . AOE 75 | . 58 17 Terrain Rammed . | . . . Walls Destroyed . | . . . Machines Disabled . | . . . Actions | -11 -10 -10 --------- Run | Yrd Mat Min Total 1039 | 74 929 36 Wait 330 | 4 309 17 Move 555 | 49 500 6 Hop . | . . . Pick Up 21 | 4 17 . Fast Attach 12 | 6 6 . Attach 3 | . 2 1 Detach 1 | . 1 . Swap 7 | . 6 1 Drop 11 | . 11 . Fire 95 | 11 74 10 Melee 1 | . . 1 Ram . | . . . Kick . | . . . Crush 3 | . 3 . Escape Stasis . | . . . Rewire . | . . . Trap . | . . . Miscellaneous . | . . . Route ------- -11/Scrapyard -10/Materials (discovered 3 exits: [*Mat x2] / [*Min]) -10/Mines (discovered 1 exit: [*Mat]) History --------- Turn | Location | Event 48 | -11/Scrapyard | Discovered new exit (range 15) 124 | -11/Scrapyard | Entered Materials 336 | -10/Materials | Build established: Mutant 679 | -10/Materials | Discovered new exit (range 5) 1035 | -10/Materials | Core integrity fell below 50% 1035 | -10/Materials | Core integrity fell below 20% 1270 | -10/Materials | Discovered new exit (range 4) 1450 | -10/Materials | Repaired Ion Engine 1533 | -10/Materials | Discovered new exit (range 11) 1578 | -10/Materials | Entered Mines 1618 | -10/Mines | Assembled infested the area 1625 | -10/Mines | Discovered new exit (range 15) 1637 | -10/Mines | Destroyed by D-53 Grenadier with Mini Grenade Launcher Last Messages --------------- 01584_ Switching to secondary target: G-47 Trooper. 01590_ G-47 Trooper destroyed. 01592_ Power failure, Ion Engine shutdown. 01602_ R-06 Scavenger collects Aluminum Leg. 01607_ R-06 Scavenger destroyed. 01617_ Acquired 20 matter. 01618_ ALERT: Infestation in the mines, dispatching Demolisher response squad. 01625_ EXIT=FOUND 01625_ R-06 Scavenger collects Aluminum Leg. 01626_ C-30 ARC bursts open, deploying its payload. 01626_ D-53 Grenadier unfolds itself. 01626_ Spread Laser destroyed. 01628_ U-05 Engineer destroyed. 01628_ R-06 Scavenger collects Com. Wheel. 01630_ R-06 Scavenger destroyed. 01631_ Ion Engine destroyed. 01633_ The unstable cave ceiling collapses. Map ----- +----------------------------------------------------+ | | | | | | | | | | | | | | | | | | | | | | | | | | | | | | | | | | | | | | | | | ???????????????????##########????????????????????? | | ??????????###?????## ##???????????????????? | | ?????????## # ## ##??????????????????? | | ?????????# [% # ##???????????????? | | ?????????# !%* #???????????????? | | ??????????# # * = @d % u < ????????? | | ???????????????# = = d # ![= ????????? | | ???????????????# # #???????????? | | ???????????????# ## #####???????????????? | | ????????????? ???## #??????????????????? | | ???????????# ??????### #?????????????????? | | ??????????? ?????????? #?????????????????? | | ??????????????????????? ##?????????????????? | | ??????????????????????? ###??????????????????? | | ?????????????????????? #????????????????????? | | ?????????????????????? ????????????????????? | | ?????????????????????? ????????????????????? | | ?????????????????????? ???????????????????? | | ?????????????????????# ???????????????????? | | ?????????????????????## ???????????????????? | | ??????????????????????? ##?????????????????????? | | ?????????????????????????????????????????????????? | | ?????????????????????????????????????????????????? | | ?????????????????????????????????????????????????? | | ?????????????????????????????????????????????????? | | ?????????????????????????????????????????????????? | | ?????????????????????????????????????????????????? | | ?????????????????????????????????????????????????? | | ?????????????????????????????????????????????????? | | ?????????????????????????????????????????????????? | +----------------------------------------------------+ Best States ------------- Heat Dissipation 39 Energy Generation 10 Energy Capacity 250 Matter Stores 300 Matter Capacity 300 Sight Range 16 Terrain Scan Density 10 Core Shielding 20 Evasion (%) 40 Recoil Reduction 2 Item Schematics ----------------- None Robot Schematics ------------------ None Fabricated ------------ Nothing Repaired ---------- Ion Engine | 35% | -10/Materials Alien Tech Used ----------------- None Achievements -------------- None Challenges ------------ None Game ------ Seed AlloyDrainedCleaver Manual? 0 Play Time 00:11:45 Cumulative 225.5 hours Start 2025.05.19 @ 13:40:56 End 2025.05.19 @ 14:30:08 Sessions 3 Manual Loads 0 Difficulty Rogue Special Mode None Game No. 125 Rogue 122 Adventurer 3 Explorer 0 Win Type - Total 4 Types 4/0/0/0/0/0/0/0/0/0 Lore% 63 Gallery% 64 Achievement% 55 Wizard Run 0 Options --------- Layout 1 ASCII 0 Keyboard 1 Movement Vi Keybinds 0 Fullscreen 1 Font 28/SmallcapsGlow Map View 50x43 Zoom Use 0% Tactical HUD 1 Map Filters NONE Filters NONE Steam X RUN: 443b3e09-490e-46c9-8138-6fc5ecf16358